Cogmind - Beta 16 @@@ ROGUE MODE // 2025.11.07 @ 19:22:55 Player: Demo Result: Destroyed by P-80 Master with Gamma Rifle Performance ------------- Evolutions (8) 4000 Regions Visited (12) 2400 Robots Destroyed (80) 400 Value Destroyed (2953) 2953 Prototype IDs (18) 360 Alien Tech Used (0) 0 Bonus (5839) 5839 TOTAL SCORE: 15952 Bonus ------- Pacifist 364 High Alert Combat Kills 200 Follower Combat Kills 1733 Registered with UFD 300 Met Optimus in HQ 500 Built Enhanced Grunts 300 Met R17 at Cetus 500 Met R17 at Research 2000 Friendly Fire -58 Cogmind --------- Core Integrity 0/1450 Matter 14/300 Energy 99/100 System Corruption 28% Temperature Cool (0) Movement Core (50) Location -2/Research Parts ------- > --- POWER (2) -------- (None) > --- PROPULSION (6) --- (None) > --- UTILITY (11) ----- Launcher Guidance Computer Improved Hacking Suite Improved System Shield > --- WEAPON (4) ------- (None) > --- INVENTORY (5) ---- Mini Fusion Reactor Light Quantum Reactor Experimental Sensor Array Disruptor Cannon Gamma Bomb Array Peak State ------------ > --- POWER ------------ Light Quantum Reactor Light Quantum Reactor > --- PROPULSION ------- Cooled Gravmag System Improved Antigrav System Antigrav Array Antigrav Array > --- UTILITY ---------- Surveybot 17 Chip Seismic Detector Advanced ECM Suite Improved Propulsion Shielding Centrium Medium Armor Plating Improved Powered Armor Improved Hacking Suite Improved Hacking Suite Improved Hacking Suite Improved System Shield Improved System Shield > --- WEAPON ----------- Enhanced Quantum Rifle Cooled Proton Cannon Improved Matter Neutralizer > --- INVENTORY -------- Mini Fusion Reactor Light Quantum Reactor Improved Gyrokinetic Inverter Experimental Sensor Array Fusion Bomb Launcher [Rating: 149] Favorites ----------- Power Quantum Reactor Engine Light Angular Momentum Engine Power Core Neutrino Core Reactor Quantum Reactor Propulsion Compact Wheel Treads Improved Medium Treads Leg Heavy Shield Leg Wheel Compact Wheel Hover Unit Gravmag System Flight Unit VTOL Module Utility Advanced Melee Analysis Suite Device Seismic Detector Storage Experimental Matter Compressor Processor Advanced Melee Analysis Suite Hackware Improved Hacking Suite Protection Centrium Medium Armor Plating Weapon Ripper Energy Gun Enhanced Quantum Rifle Energy Cannon Improved Matter Neutralizer Ballistic Gun KE Penetrator Launcher Grenade Launcher Impact Weapon Great Maul Slashing Weapon Ripper Special Melee Weapon Advanced Datajack Build | -11 -10 -10 -10 -8 -6 -5 -5 -5 -5 -4 -3 -2 ------- Run | Yrd Mat Min Sub Scr Fac Fac Ext Cet Arc Fac Res Res Slots Evolved 16 | . . . . . 8 2 . . . 2 2 2 Power 1 | . . . . . . 1 . . . . . . Propulsion 4 | . . . . . 4 . . . . . . . Utility 9 | . . . . . 4 1 . . . 2 2 . Weapon 2 | . . . . . . . . . . . . 2 Parts Attached 121 | 2 . 2 1 6 16 5 24 5 14 9 15 22 Power 19 | . . . . 1 3 2 4 2 1 . 1 5 Engine 6 | . . . . 1 . 2 3 . . . . . Core 4 | . . . . . 3 . 1 . . . . . Reactor 9 | . . . . . . . . 2 1 . 1 5 Propulsion 46 | 2 . . . 2 5 1 11 2 6 5 6 6 Treads 8 | 2 . . . . . . 4 2 . . . . Leg 2 | . . . . . . . . . . . 1 1 Wheel 3 | . . . . . . . 3 . . . . . Hover 25 | . . . . . 1 1 3 . 6 5 5 4 Flight 8 | . . . . 2 4 . 1 . . . . 1 Utility 39 | . . 2 . 1 6 2 6 1 6 4 5 6 Device 11 | . . 1 . 1 2 . . . . 3 2 2 Storage 1 | . . . . . . . . . . . . 1 Processor 6 | . . . . . 3 2 . . . . . 1 Hackware 10 | . . 1 . . 1 . . . 6 1 1 . Protection 11 | . . . . . . . 6 1 . . 2 2 Artifact . | . . . . . . . . . . . . . Weapon 17 | . . . 1 2 2 . 3 . 1 . 3 5 Energy Gun 1 | . . . . . . . . . . . . 1 Energy Cannon 3 | . . . . . . . . . . . . 3 Ballistic Gun 1 | . . . . . . . 1 . . . . . Ballistic Cannon . | . . . . . . . . . . . . . Launcher 5 | . . . 1 . 2 . . . . . 1 1 Special Weapon . | . . . . . . . . . . . . . Impact Weapon 1 | . . . . 1 . . . . . . . . Slashing Weapon 5 | . . . . 1 . . 2 . . . 2 . Piercing Weapon . | . . . . . . . . . . . . . Special Melee Weapon 1 | . . . . . . . . . 1 . . . Unidentified Prototypes 13 | . . 1 . . 1 . . 2 . . 4 5 Corrupted Parts 4 | . . . . . . . . 4 . . . . System Corruption 34 | . . . . . . . . 34 . . . . Parts Lost 44 | . . . . . 9 . 12 1 1 1 1 19 Power 6 | . . . . . 1 . 3 1 . . . 1 Propulsion 19 | . . . . . 6 . 5 . 1 . 1 6 Utility 15 | . . . . . 1 . 3 . . 1 . 10 Weapon 4 | . . . . . 1 . 1 . . . . 2 Highest Loss Streak 10 | . . . . . 4 . 6 1 1 1 1 10 To Critical Strikes 2 | . . . . . . . . 1 . . . 1 Average Backups 4 | . . 2 4 4 4 3 4 3 4 4 4 4 Power . | . . . 1 . . . . . . . . 1 Propulsion . | . . . 1 . . . . . . 1 1 . Utility 2 | . . . 1 2 2 2 3 3 3 3 1 1 Weapon 1 | . . 1 1 1 1 1 1 . . . . 1 Tool/Special . | . . . . . . . . . . . . . Unused Backups 4 | . . . . . 1 . 1 . . . 2 . Power 2 | . . . . . . . . . . . 2 . Propulsion . | . . . . . . . . . . . . . Utility 1 | . . . . . . . 1 . . . . . Weapon 1 | . . . . . 1 . . . . . . . Tool/Special . | . . . . . . . . . . . . . Average Slot Usage (%) 72 | . 28 29 47 58 66 61 79 84 78 96 94 70 Engine 1 | . . . . . . 7 5 3 . . . . Reactor 4 | . . . . . . . . 5 11 10 9 6 Treads 8 | . 28 28 28 11 . . 8 14 7 . . . Wheel 2 | . . . . . . . 7 14 4 . . . Hover 9 | . . . . . 2 7 6 . 7 28 23 15 Flight 1 | . . . . 15 14 . . . . . . . Device 4 | . . . . 3 8 5 . . . 7 13 8 Processor 10 | . . . . . 15 20 23 23 18 5 4 3 Hackware 13 | . . 1 14 14 9 11 7 . 7 28 26 20 Protection 5 | . . . . . . . 5 17 13 5 5 7 Launcher 1 | . . . 4 7 4 . . . . . . . Slashing Weapon 3 | . . . . 3 4 5 6 3 5 5 4 1 Peak Build Rating 149 | 2 2 11 7 25 61 67 77 101 101 108 127 149 Average Rating 73 | 1 2 3 6 13 46 59 67 80 92 106 118 115 On Entrance 49 | . 2 2 6 7 25 44 67 68 101 96 106 124 Avg Prop Armor Cover (%) 23 | 41 41 41 35 41 15 . 20 14 16 . 3 20 Naked Turns . | . . . . . . . . . . . . . Heaviest Build 84 | . . . 3 7 17 14 45 65 65 51 57 84 Greatest Support 80 | 3 3 3 3 9 20 40 49 48 54 61 73 80 Greatest Overweight (x) 4 | . . . . . 1 . 1 2 4 1 1 1 Average Overweight (x) . | . . . . . . . . . 2 . . . Largest Inventory Capacity 5 | 5 5 5 5 5 5 5 5 5 5 5 5 5 Average Capacity 5 | 5 5 5 5 5 5 5 5 5 5 5 5 5 Most Carried 5 | . . 5 5 5 5 5 5 5 5 5 5 5 Average Carried 4 | . . 2 4 4 4 4 4 4 4 4 4 4 Final Capacity 5 | 5 5 5 5 5 5 5 5 5 5 5 5 5 Final Carried 5 | . . 5 4 5 4 5 5 5 5 5 5 5 Class Distribution -------------------- 38% | Scavenger-Mutant 18% | Mutant 17% | Wizard-Mutant 11% | Hacker-Mutant 4% | Hacker-Gladiator 3% | Sprinter Dominant Class ---------------- Mutant | -10/Materials Mutant | -10/Mines Mutant | -10/Subcaves Sprinter | -8/Scraptown Hacker-Mutant | -6/Factory Hacker-Mutant | -5/Factory Scavenger-Mutant | -5/Extension Scavenger-Mutant | -5/Cetus Scavenger-Mutant | -5/Archives Scavenger-Mutant | -4/Factory Scavenger-Mutant | -3/Research Wizard-Mutant | -2/Research Resources | -11 -10 -10 -10 -8 -6 -5 -5 -5 -5 -4 -3 -2 ----------- Run | Yrd Mat Min Sub Scr Fac Fac Ext Cet Arc Fac Res Res Matter Collected 2148 | 79 . 120 23 53 224 137 536 245 196 85 214 236 Remotely . | . . . . . . . . . . . . . Salvage Created 3128 | . . . . . 199 137 1011 378 316 25 557 505 Parts 168 | . . . . . 23 5 41 17 26 4 26 26 Haulers Intercepted 3 | . . . . . . . . . . . 1 2 Recyclers Shooed 1 | . . . . . . . 1 . . . . . Parts Field Recycled . | . . . . . . . . . . . . . Retrieved Matter . | . . . . . . . . . . . . . Parts Self-Destructed . | . . . . . . . . . . . . . Prevented . | . . . . . . . . . . . . . Parts Restored . | . . . . . . . . . . . . . Kills | -11 -10 -10 -10 -8 -6 -5 -5 -5 -5 -4 -3 -2 ------- Run | Yrd Mat Min Sub Scr Fac Fac Ext Cet Arc Fac Res Res Combat Hostiles Destroyed 42 | . . . . . 12 . 11 5 . . 6 8 Melee 16 | . . . . . 2 . 10 1 . . 2 1 AOE 22 | . . . . . 10 . 1 . . . 4 7 Classes Destroyed 12 | . . . . . 3 1 5 1 . . 1 1 Worker 10 | . . . . . 2 1 . . . . 6 1 Builder 6 | . . . . . . . 2 . . . 1 3 Tunneler 3 | . . . . . 1 . . . . 1 . 1 Hauler 3 | . . . . . . . . . . . 1 2 Recycler 3 | . . . . . . 1 2 . . . . . Operator 11 | . . . . . . . 2 . 9 . . . Watcher 1 | . . . . . . . . 1 . . . . Swarmer 20 | . . . . . 12 . 2 . . . 4 2 Grunt 7 | . . . . . . . 4 . . . . 3 Sentry 4 | . . . . . . . 3 . . . 1 . Hunter 4 | . . . . . . . 2 1 . . 1 . Programmer 3 | . . . . . . . . . . . . 3 Cetus Guard 4 | . . . . . . . . 4 . . . . Enhanced Grunt 1 | . . . . . . . . . . . 1 . Best Kill Streak 11 | . . . . . 11 2 3 3 4 1 5 8 Combat Bots Only 10 | . . . . . 10 . 3 2 . . 5 4 Max Kills in Single Turn 4 | . . . . . 4 1 2 1 1 1 4 4 Gunslinging . | . . . . . . . . . . . . . Exploded 4 | . . . . . 3 . 1 . . . 4 2 Melee 1 | . . . . . 1 . 1 1 . . 1 1 Uniques/NPCs Destroyed . | . . . . . . . . . . . . . Combat | -11 -10 -10 -10 -8 -6 -5 -5 -5 -5 -4 -3 -2 -------- Run | Yrd Mat Min Sub Scr Fac Fac Ext Cet Arc Fac Res Res Hostile Shots Fired 729 | . 3 21 8 . 148 . 166 39 12 5 11 316 Missed 290 | . 3 10 3 . 72 . 59 12 3 3 7 118 Hits 439 | . . 11 5 . 76 . 107 27 9 2 4 198 Melee 1 | . . . . . . . . . . . . 1 Projectile 438 | . . 11 5 . 76 . 107 27 9 2 4 197 Critical Strikes 31 | . . . 1 . 4 . 4 5 . . . 17 Damage Taken 9121 | . . 96 117 . 982 . 1940 478 289 155 107 4957 Core 2318 | . . 7 23 . 351 . 437 37 . . . 1463 Absorbed by Shields 715 | . . . . . 26 . 476 213 . . . . Redirected to Shielding 90 | . . . . . . . . . . . . 90 Ignored by Resistances 7 | . . . . . . . 7 . . . . . Regen/Repaired (Parts) 52 | . . . . . 52 . . . . . . . Core Remaining (%) 83 | 100 . . . 88 58 . . . 52 100 100 . Volleys Fired 77 | . . . 11 . 13 . 5 11 . . 1 36 Largest 2 | . . . 1 . 1 . 1 1 . . 1 2 Hottest 132 | . . . 30 . 50 . 50 50 . . 52 132 Shots Fired 83 | . . . 11 . 13 . 5 11 . . 1 42 Gun 3 | . . . . . . . . . . . . 3 Cannon 25 | . . . . . . . . . . . . 25 Launcher 55 | . . . 11 . 13 . 5 11 . . 1 14 Special . | . . . . . . . . . . . . . Kinetic . | . . . . . . . . . . . . . Thermal 23 | . . . . . . . . . . . . 23 Explosive 35 | . . . 11 . 12 . . . . . 1 11 Electromagnetic 25 | . . . . . 1 . 5 11 . . . 8 Robot Hit Streak 9 | . . . 3 . 4 . . 5 . . 6 9 Robot Miss Streak 3 | . . . . . 3 . . . . . . 2 Penetration Max . | . . . . . . . . . . . . . Secondary Targets . | . . . . . . . . . . . . . Shots Hit Robots 140 | . . . 3 . 14 2 50 4 17 5 29 16 Core Hits 128 | . . . 2 . 21 2 23 19 5 1 14 41 Critical Kills . | . . . . . . . . . . . . . Critical Parts Destroyed . | . . . . . . . . . . . . . Critical Strikes 16 | . . . . . . . 12 . . . 4 . Sever 16 | . . . . . . . 12 . . . 4 . Melee Attacks 172 | . . . . . 22 5 55 2 17 8 50 13 Impact . | . . . . . . . . . . . . . Slashing 171 | . . . . . 22 5 55 2 17 8 49 13 Piercing . | . . . . . . . . . . . . . Sneak Attacks 32 | . . . . . 2 2 4 . 12 1 11 . Combat Hostiles 1 | . . . . . . . 1 . . . . . Follow-up Attacks 3 | . . . . . . . 3 . . . . . Damage Inflicted 11733 | . . . 153 . 1248 189 2571 1069 1478 215 1814 2996 Guns 30 | . . . . . . . . . . . . 30 Cannons 278 | . . . . . . . . . . . . 278 Explosions 5096 | . . . 153 . 862 . 155 1021 . . 430 2475 Melee 6326 | . . . . . 386 189 2416 48 1478 215 1384 210 Ramming 3 | . . . . . . . . . . . . 3 Kinetic . | . . . . . . . . . . . . . Thermal 434 | . . . . . . . . 246 . . . 188 Explosive 3681 | . . . 153 . 846 . . . . . 430 2252 Electromagnetic 1289 | . . . . . 16 . 155 775 . . . 343 Impact . | . . . . . . . . . . . . . Slashing 6326 | . . . . . 386 189 2416 48 1478 215 1384 210 Piercing . | . . . . . . . . . . . . . Highest Corruption 36 | . . . . . . . 1 36 36 . . 28 Average Corruption 18 | . . . . . . . 1 18 36 . . 9 Corruption Purged . | . . . . . . . . . . . . . Corruption Blocked . | . . . . . . . . . . . . . Effects 69 | . . . . . . . 1 10 29 . . 29 Message Errors 14 | . . . . . . . . 3 7 . . 4 Matter Fused 17 | . . . . . . . . 5 7 . . 5 Heat Flow Errors 8 | . . . . . . . . . 7 . . 1 Energy Discharges 9 | . . . . . . . . 2 3 . . 4 Parts Rejected 3 | . . . . . . . 1 . . . . 2 Data Loss (minor) 8 | . . . . . . . . . 3 . . 5 Data Loss (major) 3 | . . . . . . . . . 2 . . 1 Misfires 1 | . . . . . . . . . . . . 1 Misdirections 5 | . . . . . . . . . . . . 5 Weapon Failures 1 | . . . . . . . . . . . . 1 Overload Shots 1 | . . . . . . . . . . . . 1 Overflow Damage 1104 | . . . . . 162 . 158 . 401 12 230 141 Projectiles 11 | . . . . . . . . . . . . 11 Explosions 231 | . . . . . 38 . . . . . 63 130 Melee 862 | . . . . . 124 . 158 . 401 12 167 . Knockbacks . | . . . . . . . . . . . . . Impact . | . . . . . . . . . . . . . Kinetic . | . . . . . . . . . . . . . Secondary . | . . . . . . . . . . . . . Self-Inflicted Damage 115 | . . . 13 . . . . . . . . 102 Shots 5 | . . . 1 . . . . . . . . 4 Rammed 1 | . . . . . . . . . . . . 1 Targets Rammed 1 | . . . . . . . . . . . . 1 Kicked . | . . . . . . . . . . . . . Crushed . | . . . . . . . . . . . . . Highest Temperature 503 | . . . . . . . 16 54 276 1 18 503 Average Temperature 108 | . . . . . . . 12 24 111 1 3 135 Received Heat Transfer 1144 | . . 9 . . 86 . 237 . 54 9 18 731 Effects 9 | . . . . . . . . . . . . 9 Shutdowns 4 | . . . . . . . . . . . . 4 Matter Decay 1 | . . . . . . . . . . . . 1 Short Circuit 2 | . . . . . . . . . . . . 2 Damage (minor) 2 | . . . . . . . . . . . . 2 Siege Activations . | . . . . . . . . . . . . . Martial Activations . | . . . . . . . . . . . . . Shielding Activations . | . . . . . . . . . . . . . Robots Disrupted . | . . . . . . . . . . . . . Combat Hostiles . | . . . . . . . . . . . . . Robots Corrupted 4 | . . . . . . . . 4 . . . . Combat Hostiles 4 | . . . . . . . . 4 . . . . Parts Fried 5 | . . . . . . . 2 3 . . . . Impact Corruptions . | . . . . . . . . . . . . . Robots Melted . | . . . . . . . . . . . . . Combat Hostiles . | . . . . . . . . . . . . . Parts Melted 1 | . . . . . . . . 1 . . . . Heat Transferred 385 | . . . . . . . . 200 . . . 185 Parts Sabotaged 2 | . . . . . . . . . . . . 2 Parts Stolen . | . . . . . . . . . . . . . Parts Stripped . | . . . . . . . . . . . . . Power Chain Reactions 2 | . . . . . . . . 2 . . . . Alert | -11 -10 -10 -10 -8 -6 -5 -5 -5 -5 -4 -3 -2 ------- Run | Yrd Mat Min Sub Scr Fac Fac Ext Cet Arc Fac Res Res Maximum Alert Level 3 | . . . . . 2 1 1 2 1 . 1 3 Low Security (%) 48 | 100 100 100 . . 44 . 67 1 10 100 49 37 Level 1 38 | . . . . . 15 100 32 39 89 . 50 35 Level 2 10 | . . . . . 39 . . 58 . . . 15 Level 3 1 | . . . . . . . . . . . . 10 Level 4 . | . . . . . . . . . . . . . Level 5 . | . . . . . . . . . . . . . High Security . | . . . . . . . . . . . . . Max Security . | . . . . . . . . . . . . . Peak Influence 760 | . . 45 . . 698 336 397 522 347 149 306 760 Initial 336 | . . . . . . 336 133 201 168 66 36 153 Average 216 | . . 12 . . 315 313 165 405 276 101 159 291 Influence Increases 4880 | . . 102 . . 1003 16 1101 421 299 163 658 1117 Destroy 0b10 Robot/C 1740 | . . 40 . . 340 . 560 200 80 60 300 160 Destroy 0b10 Robot/NC 205 | . . . . . 15 10 45 10 45 5 40 35 Destroy Leader 238 | . . 10 . . 50 . 74 10 . 10 62 22 Allied During Kill 652 | . . 7 . . 11 . 214 173 125 55 67 . Successful Hack 62 | . . . . . . . 26 . . 6 18 12 Disable Machine 195 | . . . . . 30 . 75 . 45 . 30 15 Anti-Garrison Action 200 | . . . . . 200 . . . . . . . Destroy Structure 748 | . . . . . 57 6 62 28 4 12 96 483 Partial Spotted 180 | . . . . . 45 . 30 . . 15 45 45 Lose Combat Pursuer 660 | . . 45 . . 255 . 15 . . . . 345 Influence Decreases 4188 | . . 102 . . 315 432 1012 360 530 285 455 697 Entered New Map 1182 | . . . . . . 352 139 160 254 125 33 119 Time Decay 1947 | . . 82 . . 165 70 403 170 246 110 333 368 Lost Part 430 | . . . . . 90 . 110 10 10 10 10 190 Lost Ally 329 | . . 20 . . 60 10 60 20 20 40 79 20 Purge Threat 300 | . . . . . . . 300 . . . . . Squads Dispatched 27 | . 1 . . . 5 1 2 1 . . 7 10 Investigation 13 | . . . . . 4 1 1 1 . . 2 4 Extermination 3 | . . . . . . . . . . . . 3 Reinforcement 11 | . 1 . . . 1 . 1 . . . 5 3 Assault . | . . . . . . . . . . . . . Garrison . | . . . . . . . . . . . . . Intercept . | . . . . . . . . . . . . . Searches Triggered . | . . . . . . . . . . . . . Construction Impeded 4 | . . . . . . . 1 . . . 1 2 Haulers Reinforced 2 | . . . . . . . . . . . 2 . Active Scanning Responses . | . . . . . . . . . . . . . Cargo Convoy Interrupts 1 | . . . . . . . . . . . . 1 Stealth | -11 -10 -10 -10 -8 -6 -5 -5 -5 -5 -4 -3 -2 --------- Run | Yrd Mat Min Sub Scr Fac Fac Ext Cet Arc Fac Res Res Distress Signals 19 | . . . . . 3 . 4 2 . . 7 3 Communications Jammed . | . . . . . . . . . . . . . Distress Signals . | . . . . . . . . . . . . . Times Spotted 190 | . 4 5 3 . 38 . 33 12 8 5 20 62 Peak Tracking Total 26 | . 3 3 2 . 13 . 6 5 2 3 6 26 Tactical Retreats 25 | . . 1 . . 8 . 1 . . . 2 13 ECM-based Alert Blocks 22 | . . . . . . . . . . . 5 17 Traps | -11 -10 -10 -10 -8 -6 -5 -5 -5 -5 -4 -3 -2 ------- Run | Yrd Mat Min Sub Scr Fac Fac Ext Cet Arc Fac Res Res Traps Triggered 9 | . . . . . 5 . 2 . . . . 2 Indirectly . | . . . . . . . . . . . . . Trap Hack Attempts . | . . . . . . . . . . . . . Triggered . | . . . . . . . . . . . . . Disarmed 8 | . . . . . . . . . . 4 4 . Reprogrammed . | . . . . . . . . . . . . . Reused . | . . . . . . . . . . . . . Traps Extracted . | . . . . . . . . . . . . . Installed . | . . . . . . . . . . . . . Triggered . | . . . . . . . . . . . . . Machines | -11 -10 -10 -10 -8 -6 -5 -5 -5 -5 -4 -3 -2 ---------- Run | Yrd Mat Min Sub Scr Fac Fac Ext Cet Arc Fac Res Res Machines Disabled 14 | . . . . . 2 . 6 . 3 . 2 1 Max in Single Turn 4 | . . . . . 1 . 4 . . . 1 1 Garrison Access 3 | . . . . . 2 . . . . . 1 . Energy Cycler 2 | . . . . . . . 2 . . . . . Machines Repaired . | . . . . . . . . . . . . . Machines Dismantled . | . . . . . . . . . . . . . Machines Sabotaged . | . . . . . . . . . . . . . Overloaded Fab Kills . | . . . . . . . . . . . . . Hacking | -11 -10 -10 -10 -8 -6 -5 -5 -5 -5 -4 -3 -2 --------- Run | Yrd Mat Min Sub Scr Fac Fac Ext Cet Arc Fac Res Res Machines Accessed 38 | . . 1 . 1 5 2 8 1 . 3 10 7 Terminals 18 | . . . . . . . 7 1 . 3 5 2 Fabricators 4 | . . . . . . 1 . . . . 2 1 Repair Stations 2 | . . . . . 1 . 1 . . . . . Recycling Units 8 | . . . . . 2 1 . . . . 2 3 Scanalyzers 1 | . . . . . . . . . . . . 1 Garrison Access 3 | . . . . . 2 . . . . . 1 . Total Hacks 136 | . . 1 . 17 6 5 23 4 . 13 40 27 Successful 85 | . . 1 . 17 5 1 12 . . 8 24 17 Failed 51 | . . . . . 1 4 11 4 . 5 16 10 Catastrophic 8 | . . . . . 1 . 1 2 . 2 1 1 Database Lockouts . | . . . . . . . . . . . . . Manual 71 | . . . . . 4 4 15 1 . 5 31 11 Terminals 75 | . . . . . . . 18 4 . 13 28 12 Fabricators 13 | . . . . . . 2 . . . . 7 4 Repair Stations 6 | . . . . . 1 . 5 . . . . . Recycling Units 13 | . . . . . 2 3 . . . . 3 5 Scanalyzers 6 | . . . . . . . . . . . . 6 Garrison Access 5 | . . . . . 3 . . . . . 2 . Terminal Hacks 44 | . . 1 . 17 . . 6 . . 6 10 4 Record 17 | . . . . 17 . . . . . . . . Robot Analysis 1 | . . . . . . . . . . . . 1 Open Door 4 | . . 1 . . . . 3 . . . . . Open DSF 2 | . . . . . . . . . . 1 1 . Level Access Points 1 | . . . . . . . . . . . 1 . Branch Access Points 1 | . . . . . . . . . . . . 1 Machine Index 1 | . . . . . . . . . . . 1 . Terminal Index 2 | . . . . . . . . . . 1 1 . Alert Level 2 | . . . . . . . 1 . . . 1 . Unreport Threat 2 | . . . . . . . 2 . . . . . Locate Traps 2 | . . . . . . . . . . 1 . 1 Disarm Traps 2 | . . . . . . . . . . 1 1 . Recall Investigation 3 | . . . . . . . . . . . 2 1 Registered Components 2 | . . . . . . . . . . 1 1 . Registered Prototypes 1 | . . . . . . . . . . . 1 . Zone Layout 1 | . . . . . . . . . . 1 . . Fabricator Hacks 2 | . . . . . . 1 . . . . . 1 Network Status 1 | . . . . . . . . . . . . 1 Build 1 | . . . . . . 1 . . . . . . Repair Station Hacks 1 | . . . . . . . 1 . . . . . Refit 1 | . . . . . . . 1 . . . . . Recycling Unit Hacks 2 | . . . . . . . . . . . 1 1 Retrieve Components 2 | . . . . . . . . . . . 1 1 Scanalyzer 3 | . . . . . . . . . . . . 3 Retrieve Study 3 | . . . . . . . . . . . . 3 Garrison Access Hacks 2 | . . . . . 1 . . . . . 1 . Seal Access 2 | . . . . . 1 . . . . . 1 . Unauthorized Hacks 31 | . . . . . 4 . 5 . . 2 12 8 Terminals 14 | . . . . . . . 5 . . 2 5 2 Assimilate 2 | . . . . . . . 1 . . . 1 . Botnet 12 | . . . . . . . 4 . . 2 4 2 Fabricators 8 | . . . . . . . . . . . 5 3 Report 2 | . . . . . . . . . . . 1 1 Prioritize 1 | . . . . . . . . . . . 1 . Liberate 2 | . . . . . . . . . . . 1 1 Fabnet 3 | . . . . . . . . . . . 2 1 Repair Stations 1 | . . . . . 1 . . . . . . . Patch 1 | . . . . . 1 . . . . . . . Recycling Units 7 | . . . . . 2 . . . . . 2 3 Fedlink 6 | . . . . . 2 . . . . . 2 2 Scraphulk 1 | . . . . . . . . . . . . 1 Scanalyzers . | . . . . . . . . . . . . . Garrison Access 1 | . . . . . 1 . . . . . . . Jam 1 | . . . . . 1 . . . . . . . Data Cores Recovered 2 | . . . . . . . 2 . . . . . Used 2 | . . . . . . . 2 . . . . . Hacking Detections 21 | . . . . . 1 1 5 1 . 2 6 5 Full Trace Events 4 | . . . . . . 1 1 1 . . . 1 Feedback Events . | . . . . . . . . . . . . . Feedback Blocked . | . . . . . . . . . . . . . Robot Schematics Acquired . | . . . . . . . . . . . . . Robots Built 1 | . . . . . . 1 . . . . . . Authchips . | . . . . . . . . . . . . . Time 84 | . . . . . . 84 . . . . . . Total Robot Build Rating 6 | . . . . . . 6 . . . . . . Part Schematics Acquired . | . . . . . . . . . . . . . Parts Built . | . . . . . . . . . . . . . Authchips . | . . . . . . . . . . . . . Time . | . . . . . . . . . . . . . Total Part Build Rating . | . . . . . . . . . . . . . Part Studies Acquired 3 | . . . . . . . . . . . . 3 Parts Repaired . | . . . . . . . . . . . . . Time . | . . . . . . . . . . . . . Parts Recycled . | . . . . . . . . . . . . . Recycled Matter . | . . . . . . . . . . . . . Retrieved Matter . | . . . . . . . . . . . . . Retrieved Components 8 | . . . . . . . . . . . . 8 Parts Scanalyzed . | . . . . . . . . . . . . . Part Schematics Acquired . | . . . . . . . . . . . . . Parts Damaged . | . . . . . . . . . . . . . Bothacking | -11 -10 -10 -10 -8 -6 -5 -5 -5 -5 -4 -3 -2 ------------ Run | Yrd Mat Min Sub Scr Fac Fac Ext Cet Arc Fac Res Res Used RIF Installer . | . . . . . . . . . . . . . Robots Hacked 2 | . . . . . . . . . . . 1 1 Non-combat 1 | . . . . . . . . . . . 1 . Combat 1 | . . . . . . . . . . . . 1 Robot Hacks Applied 1 | . . . . . . . . . . . 1 . parse_system 1 | . . . . . . . . . . . 1 . Relay Couplers Released . | . . . . . . . . . . . . . Fabnet Peak Effective % 6 | . . . . . . . . . . . . 6 Autooverrided 1 | . . . . . . . . . . . . 1 Robots Rewired 6 | . . . . . 1 . 5 . . . . . Allies Hacked . | . . . . . . . . . . . . . Hacks Repelled . | . . . . . . . . . . . . . Allies | -11 -10 -10 -10 -8 -6 -5 -5 -5 -5 -4 -3 -2 -------- Run | Yrd Mat Min Sub Scr Fac Fac Ext Cet Arc Fac Res Res Total Allies 22 | . . 3 . . 1 1 10 5 . . 1 1 Largest Group 11 | . . 3 2 2 3 1 7 11 10 9 7 1 Highest-Rated Group 799 | . . 40 32 32 73 64 341 799 640 602 457 58 Highest-Rated Ally 159 | . . 16 16 16 41 64 159 159 96 96 96 58 Total Orders 1 | . . . . . . . . . . . 1 . GUARD 1 | . . . . . . . . . . . 1 . Ally Attacks 291 | . . 4 14 . 26 . 103 36 30 19 55 4 Total Damage 7283 | . . 47 149 . 693 . 2697 709 681 462 1696 149 Kills 52 | . . 2 3 . 5 . 20 6 4 3 9 . Allies Corrupted 1 | . . . . . . . . . . . . 1 Allies Melted . | . . . . . . . . . . . . . Intel | -11 -10 -10 -10 -8 -6 -5 -5 -5 -5 -4 -3 -2 ------- Run | Yrd Mat Min Sub Scr Fac Fac Ext Cet Arc Fac Res Res Active Infowar (turns) 2212 | . . . . 6 335 147 137 . . 192 769 626 Terrain 1877 | . . . . 6 335 147 137 . . 190 769 293 Structural 207 | . . . . . 1 . . . . . 206 . Seismic 1401 | . . . . . . . . . . 125 769 507 ECM 808 | . . . . . . . . . . . 302 506 Robot Analysis Total 1 | . . . . . . . . . . . . 1 Derelict Logs Recovered 1 | . . 1 . . . . . . . . . . Drone Launches . | . . . . . . . . . . . . . Drone Recoveries . | . . . . . . . . . . . . . Exploration | -11 -10 -10 -10 -8 -6 -5 -5 -5 -5 -4 -3 -2 ------------- Run | Yrd Mat Min Sub Scr Fac Fac Ext Cet Arc Fac Res Res Turns Passed 5356 | 14 149 301 393 234 387 147 989 355 532 229 769 857 Spaces Moved 6111 | 21 128 472 340 488 699 143 820 249 330 246 1013 1162 Core 1375 | 21 128 472 340 174 62 . 34 . . . . 144 Treads . | . . . . . . . . . . . . . Legs . | . . . . . . . . . . . . . Wheels 804 | . . . . . . . 312 249 243 . . . Hover 2948 | . . . . . 63 143 474 . 87 246 1013 922 Flight 984 | . . . . 314 574 . . . . . . 96 Fastest Speed 26 | 50 50 50 50 32 26 56 45 100 40 40 42 40 Average Speed 57 | 50 50 50 50 38 33 58 87 111 124 41 48 44 Slowest Speed 160 | 50 50 50 50 50 112 60 122 130 160 104 108 101 Overloaded Moves 16 | . . . . . . . . . . . . 16 Propulsion Burnouts . | . . . . . . . . . . . . . Robots Hopped 3 | . . 1 . . 1 . . . . . . 1 Potential Cave-ins . | . . . . . . . . . . . . . Cave-ins Triggered . | . . . . . . . . . . . . . Exploration Rate (%) 36 | 3 31 63 17 31 30 8 87 56 93 7 26 23 Regions Visited 12 Branch Regions 6 Pre-discovered Areas 6 | . . . . 5 1 . . . . . . . Known Exits Taken 3 | . . . . 1 1 . . . . . 1 . Unknown Exits Taken 9 | 1 1 1 1 . . 1 1 1 1 1 . . Scrap Searched 3 | . . 1 . 2 . . . . . . . . Spaces Dug 68 | . . . 3 . 10 3 2 . . 3 17 30 Terrain Destroyed 380 | . . . 48 . 59 3 16 22 . 3 44 185 Melee 43 | . . . . . 10 3 2 . . 3 17 8 Projectile 17 | . . . . . . . . . . . . 17 AOE 320 | . . . 48 . 49 . 14 22 . . 27 160 Terrain Rammed 1 | . . . . . . . . . . . . 1 Walls Destroyed . | . . . . . . . . . . . . . Machines Disabled . | . . . . . . . . . . . . . Actions | -11 -10 -10 -10 -8 -6 -5 -5 -5 -5 -4 -3 -2 --------- Run | Yrd Mat Min Sub Scr Fac Fac Ext Cet Arc Fac Res Res Total 7594 | 22 212 535 551 533 805 195 1003 314 422 360 1219 1423 Wait 896 | . 85 56 200 29 11 42 40 33 49 89 99 163 Move 6093 | 20 127 469 339 487 696 142 819 248 329 245 1012 1160 Hop 3 | . . 1 . . 1 . . . . . . 1 Pick Up 25 | . . 5 . 4 . 1 . 1 2 1 8 3 Fast Attach 113 | 2 . 1 . 3 15 5 32 6 14 4 15 16 Attach 30 | . . 1 1 4 9 . 2 2 . 2 4 5 Detach 20 | . . 1 . 2 9 . 3 2 . . . 3 Swap 22 | . . . . . 1 . 3 1 . 4 6 7 Drop 95 | . . . . 4 7 . 20 8 11 7 24 14 Fire 77 | . . . 11 . 13 . 5 11 . . 1 36 Melee 169 | . . . . . 22 5 52 2 17 8 50 13 Ram 2 | . . . . . . . . . . . . 2 Kick . | . . . . . . . . . . . . . Crush . | . . . . . . . . . . . . . Escape Stasis 16 | . . . . . 12 . 4 . . . . . Rewire 33 | . . 1 . . 9 . 23 . . . . . Trap . | . . . . . . . . . . . . . Miscellaneous . | . . . . . . . . . . . . . Route ------- -11/Scrapyard -10/Materials (discovered 2 exits: *Min x2) -10/Mines (discovered 3 exits: [*Mat] / [*Exi] / [*Sub]) -10/Subcaves (discovered 2 exits: [*Mat] / *Scr) -8/Scraptown (discovered 2 exits: *Fac x2) -6/Factory (discovered 3 exits: *Fac x2 / Low) -5/Factory (discovered 2 exits: Upp / *Ext) -5/Extension (discovered 2 exits: *Fac / *Cet) -5/Cetus (discovered 2 exits: *Fac / [*Arc]) -5/Archives (discovered 3 exits: *Fac / [*Hub x2]) -4/Factory -3/Research (discovered 6 exits: *Res x3 / Arm / Tes x2) -2/Research (discovered 2 exits: Qua x2) History --------- Turn | Location | Event 5 | -11/Scrapyard | Discovered new exit (range 14) 15 | -11/Scrapyard | Entered Materials 25 | -10/Materials | Discovered new exit (range 16) 157 | -10/Materials | Discovered new exit (range 16) 164 | -10/Materials | Entered Mines 171 | -10/Mines | Received a Rocket Launcher from a helpful Derelict 192 | -10/Mines | Discovered new exit (range 8) 199 | -10/Mines | Learned Materials terminal intel 202 | -10/Mines | Found a damaged Exp. Sensor Array with a note attached 206 | -10/Mines | Found Prototype Device 206 | -10/Mines | Identified Exp. Sensor Array 304 | -10/Mines | Build established: Mutant 310 | -10/Mines | Deemed a non-threat by the Exiles lab entrance 310 | -10/Mines | Discovered new exit (range 5) 351 | -10/Mines | Assisted by bots powering up and referring to "LRC-V3" 406 | -10/Mines | Met a Derelict who couldn't figure out how to use a Trap Extractor 463 | -10/Mines | Discovered new exit (range 4) 465 | -10/Mines | Entered Subcaves 465 | -10/Subcaves | Accompanied by 2 allies 466 | -10/Subcaves | Approached by a straggling Scientist 559 | -10/Subcaves | Scientist uncovered a shortcut to Scraptown 588 | -10/Subcaves | Shifting Twisted Machinery released Sub. Beam Cannon 592 | -10/Subcaves | Shifting Twisted Machinery released Sub. Machine Gun 596 | -10/Subcaves | Shifting Twisted Machinery released Sub. Machine Gun 597 | -10/Subcaves | Discovered new exit (range 8) 734 | -10/Subcaves | Ambushed by Subdweller buried in earth 858 | -10/Subcaves | Entered Scraptown 858 | -8/Scraptown | Accompanied by 2 allies 893 | -8/Scraptown | Visited UFD Registry 899 | -8/Scraptown | Registered with UFD as "Arcnade" 942 | -8/Scraptown | Visited Infowarlord's Domain 948 | -8/Scraptown | Found Exp. Terrain Scanner 966 | -8/Scraptown | Visited DA-N13 Charitable Foundation 967 | -8/Scraptown | Found DCF Scrap (29 items) 992 | -8/Scraptown | Visited Cartography Club 999 | -8/Scraptown | Found Surveybot 17 Chip 1011 | -8/Scraptown | Found Deep Structural Scanner 1015 | -8/Scraptown | Learned location of Storage (-8) 1015 | -8/Scraptown | Learned location of Extension (-5) 1015 | -8/Scraptown | Learned location of Cetus (-5) 1015 | -8/Scraptown | Learned 8 Materials zone layouts 1015 | -8/Scraptown | Learned 12 Factory zone layouts 1015 | -8/Scraptown | Learned 12 Materials zone layouts 1015 | -8/Scraptown | Learned Materials emergency access door positions 1015 | -8/Scraptown | Learned 8 Research zone layouts 1015 | -8/Scraptown | Learned 8 Lower Caves zone layouts 1015 | -8/Scraptown | Learned location of 2 exits from Factory 1015 | -8/Scraptown | Learned location of 1 exit from Research 1015 | -8/Scraptown | Learned location of 2 exits from Research 1015 | -8/Scraptown | Identified exit to Factory 1025 | -8/Scraptown | Visited Junk Repository 1045 | -8/Scraptown | Met Optimus 1045 | -8/Scraptown | Accepted into 0bPrime 1062 | -8/Scraptown | Discovered exit to Factory (range 3) 1092 | -8/Scraptown | Entered Factory 1092 | -6/Factory | Accompanied by 2 allies 1092 | -6/Factory | Evolved 8 slots: Propulsion x4, Utility x4 1093 | -6/Factory | Identified exit to Factory 1093 | -6/Factory | Identified exit to Lower Caves 1266 | -6/Factory | Loaded intel: 8 recycling unit locations 1268 | -6/Factory | Learned location of Protoforge (-2) 1287 | -6/Factory | Spotted B-75 Beast 1355 | -6/Factory | Lost 4 parts (1p3n) 1380 | -6/Factory | Destroyed 10 combat bots 1439 | -6/Factory | Lost 3 parts (2n1u) 1479 | -6/Factory | Entered another Factory area 1479 | -5/Factory | Evolved 2 slots: Power x1, Utility x1 1480 | -5/Factory | Identified exit to Upper Caves 1555 | -5/Factory | Discovered new exit (range 19) 1580 | -5/Factory | Fabricated I-47 Archangel? 1592 | -5/Factory | Build established: Hacker-Mutant 1626 | -5/Factory | Entered Extension 1692 | -5/Extension | Rescued a captive Derelict 1698 | -5/Extension | Rescued a captive Derelict 1700 | -5/Extension | Rescued a captive Derelict 1784 | -5/Extension | Rescued A7 1843 | -5/Extension | Spotted B-75 Beast 2111 | -5/Extension | Spotted B-75 Beast 2120 | -5/Extension | Allies destroyed B-75 Beast 2147 | -5/Extension | Allies destroyed B-75 Beast 2176 | -5/Extension | Lost 6 parts (1p2n2u1w) 2323 | -5/Extension | Energy Cycler disabled 2324 | -5/Extension | Rescued a captive Derelict 2325 | -5/Extension | Rescued a captive Derelict 2327 | -5/Extension | Rescued a captive Derelict 2334 | -5/Extension | Rescued a captive Derelict 2339 | -5/Extension | Rescued a captive Derelict 2386 | -5/Extension | Build established: Scavenger-Mutant 2575 | -5/Extension | Discovered new exit (range 10) 2576 | -5/Extension | Discovered new exit (range 6) 2615 | -5/Extension | Entered Cetus 2615 | -5/Cetus | Accompanied by 7 allies (A7) 2620 | -5/Cetus | Acquired a Cetus Manufacturing Module code from A7 2628 | -5/Cetus | Spotted Cetus Guard 2628 | -5/Cetus | Spotted Cetus Guard 2633 | -5/Cetus | Spotted Cetus Guard 2635 | -5/Cetus | Spotted Cetus Guard 2639 | -5/Cetus | Destroyed Cetus Guard 2642 | -5/Cetus | Allies destroyed Cetus Guard 2642 | -5/Cetus | Allies destroyed Cetus Guard 2643 | -5/Cetus | Destroyed Cetus Guard 2688 | -5/Cetus | Started Cetus Manufacturing Module 2713 | -5/Cetus | Manufactured an Enhanced Grunt 2715 | -5/Cetus | Discovered new exit (range 15) 2738 | -5/Cetus | Manufactured an Enhanced Grunt 2754 | -5/Cetus | Spotted Cetus Guard 2755 | -5/Cetus | Spotted Cetus Guard 2758 | -5/Cetus | Spotted Cetus Guard 2758 | -5/Cetus | Spotted Cetus Guard 2761 | -5/Cetus | Allies destroyed Cetus Guard 2762 | -5/Cetus | Destroyed Cetus Guard 2763 | -5/Cetus | Manufactured an Enhanced Grunt 2765 | -5/Cetus | Destroyed Cetus Guard 2767 | -5/Cetus | Allies destroyed Cetus Guard 2773 | -5/Cetus | Discovered new exit (range 15) 2778 | -5/Cetus | Met Revision 17 2788 | -5/Cetus | Manufactured an Enhanced Grunt 2788 | -5/Cetus | System corruption reached 10% 2806 | -5/Cetus | System corruption reached 30% 2813 | -5/Cetus | Manufactured an Enhanced Grunt 2970 | -5/Cetus | Entered Archives 2970 | -5/Archives | Accompanied by 11 allies (A7) 3055 | -5/Archives | Discovered new exit (range 16) 3086 | -5/Archives | Discovered new exit (range 16) 3151 | -5/Archives | Discovered new exit (range 16) 3502 | -5/Archives | Entered Factory 3502 | -4/Factory | Accompanied by 9 allies 3502 | -4/Factory | Evolved 2 slots: Utility x2 3524 | -4/Factory | Identified exit to DSF 3638 | -4/Factory | Discovered new exit (range 15) 3731 | -4/Factory | Entered Research 3731 | -3/Research | Accompanied by 6 allies 3731 | -3/Research | Evolved 2 slots: Utility x2 3732 | -3/Research | Identified exit to Testing 3733 | -3/Research | Identified exit to Armory 3733 | -3/Research | Identified exit to Research 3875 | -3/Research | Found Fusion Bomb Launcher 3931 | -3/Research | Revision forces began assault on 0b10 3941 | -3/Research | Found Imp. Powered Armor 4065 | -3/Research | Met up with Revision 17++ 4212 | -3/Research | Loaded intel: 5 recycling unit locations 4429 | -3/Research | Spotted B-86 Titan 4431 | -3/Research | Research terminal network offline 4500 | -3/Research | Entered another Research area 4500 | -2/Research | Evolved 2 slots: Weapon x2 4504 | -2/Research | Loaded intel: 5 recycling unit locations 4639 | -2/Research | Build established: Wizard-Mutant 4738 | -2/Research | Identified exit to Quarantine 5013 | -2/Research | Found Prototype Device 5013 | -2/Research | Identified Exp. Shock Absorption System 5059 | -2/Research | Found Gamma Bomb Array 5127 | -2/Research | System corruption reached 10% 5171 | -2/Research | Cargo convoy interrupted 5173 | -2/Research | Spotted Executioner 5202 | -2/Research | Lost 5 parts (1p1n3u) 5238 | -2/Research | Spotted B-90 Cyclops 5314 | -2/Research | Core integrity fell below 50% 5351 | -2/Research | Core integrity fell below 20% 5357 | -2/Research | Destroyed by P-80 Master with Gamma Rifle Last Messages --------------- 05335_ Slug penetrates Terminal. 05335_ Penetrated by Slug. 05335_ Critical hit (Destroy). 05335_ Hvy. Shield Leg destroyed. 05335_ Penetrated by Slug. 05336_ Slug penetrates Wall. 05336_ Slug penetrates Terminal. 05337_ System corrupted: Adv. ECM Suite rejected. 05338_ Penetrated by Slug. 05339_ Slug penetrates Wall. 05340_ Acquired Disruptor Cannon. 05347_ Acquired Quantum Reactor. 05350_ Slammed into Wall. 05350_ Destabilizing: Core damaged (-58). 05350_ Destabilizing: Core damaged (-72). 05352_ System corrupted: Quantum Reactor rejected. 05356_ Graviton Restrictor disabled. 05356_ Imp. Hacking Suite destroyed. Map ----- +----------------------------------------------------+ | ???????????????????????????????# ###########??? | | ???????????????????????????????# # ! #??? | | ???????????????????????????????# # #??? | | ???????????????????????????????# # #??? | | ???????????????????????????????# # ] #??? | | ???????????????????????????????# + ! #??? | | ???????????????????????????????# # #??? | | ??????????????????????#######??# # #??? | | ??????????????????????# ?# # ! #??? | | ??????????????????????# ?# ###########??? | | ??????????????????????? " # #????????????? | | ??????????????????????# """ # #????????????? | | ??????????????????????# G + #????????????? | | ??????????????????????# """ # #????????????? | | ??????????????????????? " # #????????????? | | ??????????????????????# ?# #????????????? | | ??????????????????????# ?# #????????????? | | ??????????????????????#######??# #????????????? | | ???????????????????????????????# #????????????? | | ???????????????????????????????# ##########???? | | ???????????????????????????????# # #???? | | ???????????????????????????????# # #???? | | ?????????????????????########### # ##### | | ?????????????????????# * p # # # | | ?????????????????????# p # # # | | ?????????????????????#! "@"""h # # # | | ?????????????????????# """" h + # | | ?????????????????????#pp""""" # ! # ] # | | ?????????????????????# # # # | | ?????????????????????# # #####+#### | | ?????????????????????#! * # #?# | | ?????????????????????########### #?# | | ???????????????????????????????# #?##### | | ???????????????????????????????# " #???### | | ???????????????????????????????# " ! #??? | | ???????????????????????????????# #???? | | ???????????????????????????????# #???? | | ???????????????????????????????# #???? | | ??????????????????????????????## #?? | | ????????????????????????????###" ! # ! | | ????????????????????????????#""" ! + | | ????????????????????????????#"Y !!! " | | ????????????????????????????#"" !! # | | ????????????????????????????#### ##"##"" | | ???????????????????????????????# | | ???????????????????????????????# | | ???????????????????????????????# = | | ???????????????????????????????# | | ???????????????????????????????######## ########+ | | ??????????????????????????????????????# #????? | +----------------------------------------------------+ Best States ------------- Heat Dissipation 57 Coolant Potential 120 Energy Generation 45 Energy Capacity 600 Matter Stores 300 Matter Capacity 800 Sight Range 16 Terrain Scan Range 30 Terrain Scan Density 1210 ECM Strength 2 Armor Coverage 675 Resistance: TH 15 Propulsion Shielding 66 Evasion (%) 64 Melee Accuracy 24 Launcher Accuracy 20 Recoil Reduction 3 Offensive Hacking 36 Defensive Hacking 36 Item Schematics ----------------- None Robot Schematics ------------------ None Fabricated ------------ I-47 Archangel | x1 | -5/Factory | Preloaded Repaired ---------- Nothing Studied --------- Fusion Bomb Launcher | -2/Research | Hacked Gamma Bomb Array | -2/Research | Hacked Lgt. Quantum Reactor | -2/Research | Hacked Alien Tech Used ----------------- None Achievements -------------- Betrayal Most Foul Express Service Challenges ------------ None Game ------ Seed DisintegrationServoBasin Manual? 0 Play Time 01:13:07 Cumulative 384.6 hours Start 2025.11.07 @ 13:33:57 End 2025.11.07 @ 19:22:55 Sessions 3 Manual Loads 0 Difficulty Rogue Special Mode None Game No. 351 Rogue 351 Adventurer 0 Explorer 0 Win Type - Total 3 Types 2/1/0/0/0/0/0/0/0/0 Lore% 84 Gallery% 83 Achievement% 61 Wizard Run 0 Options --------- Layout 1 ASCII 0 Keyboard 0 Movement Numpad Keybinds 0 Fullscreen 1 Font 24/Smallcaps Map View 50x35 Zoom Use 0% Tactical HUD 1 Map Filters NONE Filters NONE Steam 1 RUN: 2e0d6faf-7ddb-4503-85eb-c5ee1d0e1746